 Dungeon Crawl Stone Soup version 0.32-a0-672-gff75c0d (webtiles) character file.

Game seed: 7579877314802587775

1019 Dhd the Cutter (level 8, -2/44 HPs)
             Began as a Vine Stalker Brigand on Mar 9, 2024.
             Was a Believer of Wu Jian.
             Slain by an acid dragon (11 damage)
             ... on level 5 of the Dungeon on Mar 10, 2024.
             The game lasted 00:30:49 (4618 turns).

Dhd the Cutter (Vine Stalker Brigand)               Turns: 4618, Time: 00:30:50

Health: -2/44      AC:  1    Str: 15    XL:     8   Next: 22%
Magic:  0/18       EV: 11    Int: 14    God:    Wu Jian [**....]
Gold:   186        SH:  0    Dex: 17    Spells: 7/7 levels left

rFire   . . .        b - +2 rapier
rCold   . . .        (no shield)
rNeg    . . .        t - +0 ring mail
rPois   .            q - +1 helmet {Int+3}
rElec   .            c - +0 cloak
rCorr   .            s - +0 pair of gloves
SInv    .            (no boots)
Will    +....        l - amulet of regeneration
Stlth   ++           j - ring of wizardry
HPRegen 1.87/turn    x - ring of magical power
MPRegen 0.16/turn

%: guardian spirit, wizardry (x1)
@: corroded
A: fangs 3, regeneration 1, magic shield, antimagic bite, no potion heal 2
a: Renounce Religion, Wall Jump


You were on level 5 of the Dungeon.
You worshipped Wu Jian.
Wu Jian was pleased with you.
You visited 1 branch of the dungeon, and saw 5 of its levels.

You collected 276 gold pieces.
You spent 90 gold pieces at shops.

Inventory:

Hand Weapons
 a - a +2 dagger
 b - a +2 rapier (weapon)
 u - a +0 rapier
Missiles
 e - a curare-tipped dart {!f}
 f - 11 poisoned darts (quivered)
 E - 3 boomerangs
Armour
 c - a +0 cloak (worn)
 o - a +0 robe
 q - a +1 helmet of intelligence (worn)
 s - a +0 pair of gloves (worn)
 t - a +0 ring mail (worn)
Magical Staves
 w - a staff of cold
Jewellery
 j - a ring of wizardry (left hand)
 l - an amulet of regeneration (around neck)
 v - an amulet of reflection
 x - a ring of magical power (right hand)
Wands
 z - a wand of digging (5)
Scrolls
 h - a scroll of poison {unknown}
 i - a scroll of acquirement {unknown}
 k - a scroll of immolation {unknown}
 m - a scroll of revelation {unknown}
 r - a scroll of fog {unknown}
 y - a scroll of torment
 C - a scroll of amnesia {unknown}
 D - a scroll of blinking {unknown}
 G - 2 scrolls of enchant weapon
Potions
 d - 2 potions of berserk rage {unknown}
 g - 2 potions of curing {@q1}
 n - a potion of mutation {unknown}
 p - 2 potions of might {unknown}
 A - a potion of invisibility {unknown}
 B - a potion of heal wounds {unknown}
 F - a potion of magic {unknown}


   Skills:
 + Level 5.6 Fighting
 + Level 5.7 Short Blades
 - Level 2.0 Throwing
 + Level 2.0 Armour
 - Level 2.0 Dodging
 - Level 5.0 Stealth


You had 7 spell levels left.
You didn't know any spells.
Your spell library contained the following spells:

 Spells                   Type           Power      Damage    Failure   Level
 Volatile Blastmotes      Fire/Tloc      0%         2d10      52%         3
 Fulminant Prism          Conj/Alch      0%         3d5       89%         4
 Iskenderun's Mystic Bla  Conj/Tloc      0%         2d3       89%         4


Dungeon Overview and Level Annotations

Branches:
Dungeon (5/15) Zot: 25407
 Temple: D:4-7

Altars:
Dithmenos
Wu Jian
Zin

Annotations:
D:4 exclusion: downstairs


Innate Abilities, Weirdness & Mutations

You have razor-sharp teeth.
Your natural rate of healing is unusually fast.
When hurt, damage is shared between your health and your magic reserves.
Your bite disrupts and absorbs the magic of your enemies.
Potions cannot restore your health.


Message History

The acid dragon spits acid at you. The splash of acid hits you!
The acid corrodes you!
Okay, then.
Okay, then.
Unknown command.
Okay, then.
Unknown command.
You hit the acid dragon.
You bite the acid dragon, but do no damage.
The acid dragon is moderately wounded.
The acid dragon bites you! The acid dragon barely misses you.
You hit the acid dragon.
The acid dragon is heavily wounded.
You hit the acid dragon but do no damage.
You bite the acid dragon, but do no damage.
The acid dragon is heavily wounded.
The acid dragon spits acid at you. The splash of acid hits you!!
* * * LOW HITPOINT WARNING * * *
The acid corrodes you!
You closely miss the acid dragon.
You bite the acid dragon, but do no damage.
The acid dragon is heavily wounded.
The acid dragon bites you.
* * * LOW HITPOINT WARNING * * *
The acid dragon barely misses you.
You closely miss the acid dragon.
The acid dragon is heavily wounded.
The acid dragon bites you!
* * * LOW HITPOINT WARNING * * *
The acid dragon claws you.
* * * LOW HITPOINT WARNING * * *
Okay, then.
Okay, then.
Unknown command.
You hit the acid dragon.
You bite the acid dragon, but do no damage.
The acid dragon is heavily wounded.
The acid dragon bites you!
You die...

#.....# ##..##....(.## ####...##
#............#
##.##....######........##.#
##..##..#....##............#
#...[##.#....###.....###+++#
##......####...##.....#
#..............#.....##
#................D##.##
##......###.>...@.....#
#####.........#..P....# ###
#####.........###...ß.#########.#
..##...#......###.....#....#....#
......###......##.ßß............#
#......#...........#.##.........#
#.....###..........###..##.#.....
.#....# ###........# ##.####.....
......# ##.........####..........


You could see an acid dragon.

Vanquished Creatures
  Sigmund (D:4)
  A black bear (D:5)
  A phantom (D:4)
  2 bombardier beetles
  3 bullfrog zombies (D:5)
  A centaur skeleton (D:5)
  An iguana (D:4)
  3 orc priests
  Natasha (thrice) (D:3)
  Terence (D:3)
  4 orc wizards
  A scorpion zombie (D:5)
  A killer bee zombie (D:5)
  Robin (D:3)
  3 adders (D:3)
  2 shadow imps (D:5)
  5 dart slugs
  16 orcs
  2 ball pythons
  3 endoplasms
  3 giant cockroaches
  15 goblins
  6 hobgoblins
  3 bats
  4 frilled lizards
  9 kobolds
  2 rats
97 creatures vanquished.

Notes
Turn   | Place    | Note
-------+----------+-------------------------------------------
     0 | D:1      | Dhd the Vine Stalker Brigand began the quest for the Orb.
     0 | D:1      | Reached XP level 1. HP: 11/11 MP: 2/2
   469 | D:1      | Reached XP level 2. HP: 15/15 MP: 3/3
  1307 | D:2      | Reached XP level 3. HP: 19/19 MP: 4/4
  1403 | D:2      | Found an ornate altar of the Wu Jian Council.
  1410 | D:2      | Became a worshipper of the Wu Jian Council
  1636 | D:3      | Found Zin's Purification Station.
  1656 | D:3      | Found a glowing silver altar of Zin.
  1803 | D:3      | Noticed Robin
  1926 | D:3      | Reached XP level 4. HP: 23/23 MP: 5/5
  1978 | D:3      | Noticed Natasha
  2028 | D:3      | Found a shadowy altar of Dithmenos.
  2036 | D:3      | Reached * piety under Wu Jian
  2129 | D:3      | Killed Robin
  2206 | D:3      | Killed Natasha
  2207 | D:3      | Reached skill level 1 in Dodging
  2207 | D:3      | Reached skill level 5 in Stealth
  2285 | D:3      | Noticed Terence
  2323 | D:3      | Reached XP level 5. HP: 28/28 MP: 6/6
  2535 | D:3      | Killed Terence
  2536 | D:3      | Reached XP level 6. HP: 33/33 MP: 7/7
  2810 | D:3      | Noticed Natasha
  2817 | D:3      | Killed Natasha
  2861 | D:3      | Noticed Natasha
  2872 | D:3      | Killed Natasha
  2891 | D:3      | Bought a potion of curing for 90 gold pieces
  3511 | D:4      | Noticed Sigmund
  3525 | D:4      | Killed Sigmund
  3526 | D:4      | Reached XP level 7. HP: 38/38 MP: 8/8
  3656 | D:5      | Entered Level 5 of the Dungeon
  3697 | D:5      | Reached skill level 5 in Fighting
  3697 | D:5      | Reached skill level 5 in Short Blades
  3795 | D:5      | Reached skill level 1 in Armour
  3852 | D:5      | Reached ** piety under Wu Jian
  4164 | D:4      | Gained mutation: You have razor-sharp teeth. [Vine Stalker
                  | growth]
  4164 | D:4      | Reached XP level 8. HP: 44/44 MP: 9/9
  4618 | D:5      | Slain by an acid dragon

Illustrated notes

Levels and vault maps discovered:
D:1:      lightli_arrival_statue_moat, layout_basic
D:2:      layout_rooms, basic_altar
D:3:      layout_loops_ring, zin_purify, nicolae_dithmenos_the_darkroom,
          uniq_robin, uniq_terence, uniq_natasha
D:4:      layout_rooms, uniq_sigmund
D:5:      layout_cave_pools, mainiacjoe_overflow_alcove_4, serial_undead,
          serial_undead_b, serial_undead_f, serial_undead_d, serial_undead_c,
          nicolae_titane

Skill      XL: |  1  2  3  4  5  6  7  8 |
---------------+-------------------------+-----
Fighting       | 2 3 4 5 |  5.6
Short Blades   | 2 3 4 5 |  5.7
Throwing       | 2 |  2.0
Dodging        | 1 2 |  2.0
Stealth        | 5 |  5.0
Armour         | 1 2 |  2.0

Action                     |  1- 3 |  4- 6 |  7- 9 || total
---------------------------+-------+-------+-------++-------
  Melee: Dagger            |    82 |    52 |       ||   134
         Bite              |    14 |    32 |    45 ||    91
         Rapier            |       |    72 |   123 ||   195
  Throw: Dart              |    24 |    37 |    14 ||    75
         Stone             |    17 |     7 |     6 ||    30
         Boomerang         |       |       |    11 ||    11
Ability: Lunge             |     2 |    15 |     5 ||    22
         Whirlwind         |       |     4 |    43 ||    47
    Use: Scroll            |     2 |     2 |     4 ||     8
   Stab: Sleeping          |     1 |     2 |       ||     3
 Armour: Robe              |    31 |    17 |       ||    48
         Ring mail         |       |    37 |    95 ||   132
  Dodge: Dodged            |    35 |    39 |    57 ||   131

Table legend: (Time is in decaauts)
 A = Elapsed time spent in this place.
 B = Non-inter-level travel time spent in this place.
 C = Inter-level travel time spent in this place.
 D = Time resting spent in this place.
 E = Time spent auto-exploring this place.
 F = Levels seen in this place.
 G = Mean time per level.
                   A        B        C        D        E       F      G
               +--------+--------+--------+--------+--------+-----+--------+
         Total |   4591 |   4382 |    209 |    531 |    867 |   5 |  918.2 |
       Dungeon |   4591 |   4382 |    209 |    531 |    867 |   5 |  918.2 |
               +--------+--------+--------+--------+--------+-----+--------+

Top non-repeatable levels by time:
     D:3: 1265 daAuts
     D:1: 1136 daAuts
     D:5: 854 daAuts
     D:4: 845 daAuts
     D:2: 488 daAuts
